PIO (24 & UNDER)
COLORADO COMMANDERS @ SURREY SINNERS
04/17/2027
 
TOP OF THE 1ST
Colorado Commanders batting - Pitching for Surrey Sinners : RHP Juan Rojas
Pitching: RHP Juan Rojas
Batting: SHB Pancho Vásquez 0-0: Ball
1-0: Ball
2-0: Called Strike
2-1: Swinging Strike
2-2: Foul Ball, location: 2F
2-2: Foul Ball, location: 2F
2-2: Strikes out swinging, 2-3 out at first.
Batting: RHB Ray Ervin 0-0: SINGLE (Groundball, 6MD)
Batting: LHB Michael Barrett 0-0: Ball
1-0: SINGLE (Groundball, 4MD)
Ray Ervin to second
Batting: LHB Arturo Rodledo 0-0: Called Strike
0-1: Ball
1-1: Swinging Strike
1-2: Fly out, F7 (Flyball, 7S)
Batting: SHB Theodore Cook 0-0: Called Strike
0-1: Fielders Choice at 2nd, 4-6 (Groundball, 4)
Top of the 1st over - 0 run(s), 2 hit(s), 0 error(s), 1 left on base; Colorado 0 - Surrey 0
BOTTOM OF THE 1ST
Surrey Sinners batting - Pitching for Colorado Commanders : RHP Marcos Miranda
Pitching: RHP Marcos Miranda
Batting: LHB Juan Hinojosa 0-0: Ball
1-0: Ball
2-0: Foul Ball, location: 2F
2-1: Called Strike
2-2: Ball
3-2: DOUBLE (Line Drive, 7LS)
Batting: LHB Iván Espinosa 0-0: Called Strike
0-1: Swinging Strike
0-2: Strikes out swinging
Batting: RHB Ramón Molina 0-0: Foul Ball, location: 2F
0-1: Ball
1-1: Ball
2-1: Foul Ball, location: 2F
2-2: SINGLE (Line Drive, 6MD)
Juan Hinojosa to third
Runner from 3rd tries for Home, SAFE, no throw
Batting: RHB Clint Younger 0-0: Ball
1-0: Foul Ball, location: 2F
1-1: Called Strike
1-2: Strikes out swinging
Batting: LHB José Blanco 0-0: Ball
1-0: Foul Ball, location: 2F
1-1: Ball
2-1: Ball
3-1: Base on Balls
Ramón Molina to second
Batting: RHB Ricardo Deleón 0-0: Called Strike
0-1: Ball
1-1: Ball
2-1: Swinging Strike
2-2: Foul Ball, location: 2F
2-2: Foul Ball, location: 2F
2-2: Strikes out looking
Bottom of the 1st over - 1 run(s), 2 hit(s), 0 error(s), 2 left on base; Colorado 0 - Surrey 1
TOP OF THE 2ND
Colorado Commanders batting - Pitching for Surrey Sinners : RHP Juan Rojas
Batting: RHB Frank Martínez 0-0: Foul Ball, location: 2F
0-1: Called Strike
0-2: Ball
1-2: Strikes out looking
Batting: RHB Félix Campos 0-0: Ball
1-0: Called Strike
1-1: Foul Ball, location: 2F
1-2: Foul Ball, location: 2F
1-2: Ball
2-2: Strikes out swinging
Batting: RHB Clarence Robertson 0-0: Fly out, F9 (Flyball, 9S)
Top of the 2nd over - 0 run(s), 0 hit(s), 0 error(s), 0 left on base; Colorado 0 - Surrey 1
BOTTOM OF THE 2ND
Surrey Sinners batting - Pitching for Colorado Commanders : RHP Marcos Miranda
Batting: RHB Dennis House 0-0: Called Strike
0-1: Ball
1-1: Swinging Strike
1-2: Ball
2-2: Ball
3-2: Strikes out swinging
Batting: LHB Jorge Martínez 0-0: Ball
1-0: Ball
2-0: Called Strike
2-1: Foul Ball, location: 2F
2-2: Strikes out swinging
Batting: RHB Robert Koremans 0-0: Ball
1-0: Foul Ball, location: 2F
1-1: Foul Ball, location: 2F
1-2: Strikes out looking
Bottom of the 2nd over - 0 run(s), 0 hit(s), 0 error(s), 0 left on base; Colorado 0 - Surrey 1
TOP OF THE 3RD
Colorado Commanders batting - Pitching for Surrey Sinners : RHP Juan Rojas
Batting: RHB Roberto Rodríguez 0-0: Called Strike
0-1: Called Strike
0-2: Strikes out swinging
Batting: SHB Pancho Vásquez 0-0: Ball
1-0: Fly out, F4 (Line Drive, 4MD)
Batting: RHB Ray Ervin 0-0: Fly out, F7 (Flyball, 7S)
Top of the 3rd over - 0 run(s), 0 hit(s), 0 error(s), 0 left on base; Colorado 0 - Surrey 1
BOTTOM OF THE 3RD
Surrey Sinners batting - Pitching for Colorado Commanders : RHP Marcos Miranda
Batting: LHB Juan Hinojosa 0-0: Called Strike
0-1: Foul Ball, location: 2F
0-2: SINGLE (Groundball, 4M) (infield hit)
Batting: LHB Iván Espinosa 0-0: Ball
1-0: Ball
2-0: Called Strike
2-1: 2-RUN HOME RUN (Flyball, 8RXD), Distance : 440 ft
Batting: RHB Ramón Molina 0-0: Ball
1-0: Called Strike
1-1: SINGLE (Groundball, 56D)
Batting: RHB Clint Younger 0-0: Ball
1-0: SINGLE (Flyball, 7S)
Ramón Molina to second
Batting: LHB José Blanco 0-0: Ball
1-0: Called Strike
1-1: Foul Ball, location: 2F
1-2: Strikes out swinging
Batting: RHB Ricardo Deleón 0-0: Called Strike
0-1: Ball
1-1: SINGLE (Groundball, 6MS) (infield hit)
Ramón Molina to third
Clint Younger to second
Batting: RHB Dennis House 0-0: Ball
1-0: Called Strike
1-1: Swinging Strike
1-2: Grounds into double play, 4-6-3 (Groundball, 4)
Bottom of the 3rd over - 2 run(s), 5 hit(s), 0 error(s), 2 left on base; Colorado 0 - Surrey 3
TOP OF THE 4TH
Colorado Commanders batting - Pitching for Surrey Sinners : RHP Juan Rojas
Batting: LHB Michael Barrett 0-0: Ball
1-0: Called Strike
1-1: Foul Ball, location: 2F
1-2: Ball
2-2: Ball
3-2: Base on Balls
Batting: LHB Arturo Rodledo 0-0: Ball
1-0: Ball
2-0: Called Strike
2-1: Grounds into double play, 1-6-3 (Groundball, P)
Batting: SHB Theodore Cook 0-0: Called Strike
0-1: Ball
1-1: Swinging Strike
1-2: Foul Ball, location: 2F
1-2: Ball
2-2: Foul Ball, location: 2F
2-2: Foul Ball, location: 2F
2-2: Fly out, F2 (Popup, 15)
Top of the 4th over - 0 run(s), 0 hit(s), 0 error(s), 0 left on base; Colorado 0 - Surrey 3
BOTTOM OF THE 4TH
Surrey Sinners batting - Pitching for Colorado Commanders : RHP Marcos Miranda
Batting: LHB Jorge Martínez 0-0: Swinging Strike
0-1: Swinging Strike
0-2: Ball
1-2: Ball
2-2: Foul Ball, location: 2F
2-2: Foul Ball, location: 2F
2-2: Ball
3-2: SINGLE (Groundball, 4) (infield hit)
Batting: RHB Robert Koremans 0-0: Ball
1-0: Grounds into double play, 6-4-3 (Groundball, 56)
Batting: LHB Juan Hinojosa 0-0: Swinging Strike
0-1: Ball
1-1: Swinging Strike
1-2: Strikes out swinging
Bottom of the 4th over - 0 run(s), 1 hit(s), 0 error(s), 0 left on base; Colorado 0 - Surrey 3
TOP OF THE 5TH
Colorado Commanders batting - Pitching for Surrey Sinners : RHP Juan Rojas
Batting: RHB Frank Martínez 0-0: Ball
1-0: Foul Ball, location: 2F
1-1: Foul Ball, location: 2F
1-2: Foul Ball, location: 2F
1-2: Ball
2-2: Ground out 5-3 (Groundball, 56)
Batting: RHB Félix Campos 0-0: Swinging Strike
0-1: Ball
1-1: Foul Ball, location: 2F
1-2: Foul Ball, location: 2F
1-2: Ball
2-2: Ball
3-2: Strikes out swinging
Batting: RHB Clarence Robertson 0-0: Swinging Strike
0-1: Swinging Strike
0-2: Foul Ball, location: 2F
0-2: Strikes out swinging
Top of the 5th over - 0 run(s), 0 hit(s), 0 error(s), 0 left on base; Colorado 0 - Surrey 3
BOTTOM OF THE 5TH
Surrey Sinners batting - Pitching for Colorado Commanders : RHP Marcos Miranda
Batting: LHB Iván Espinosa 0-0: Ball
1-0: Ground out 4-3 (Groundball, 4)
Batting: RHB Ramón Molina 0-0: Ball
1-0: Foul Ball, location: 2F
1-1: Swinging Strike
1-2: Ball
2-2: Foul Ball, location: 2F
2-2: Foul Ball, location: 2F
2-2: Ball
3-2: Ground out U3 (Groundball, 34)
Batting: RHB Clint Younger 0-0: Ball
1-0: Hit by Pitch
Pitching: RHP Bill Davis
Batting: LHB José Blanco 0-0: Ball
1-0: Ball
2-0: Ball
3-0: Called Strike
3-1: SINGLE (Groundball, 6MD)
Clint Younger to second
Batting: RHB Ricardo Deleón 0-0: Foul Ball, location: 2F
0-1: Foul Ball, location: 2F
0-2: Ball
1-2: Ball
2-2: Ball
3-2: Strikes out swinging
Bottom of the 5th over - 0 run(s), 1 hit(s), 0 error(s), 2 left on base; Colorado 0 - Surrey 3
TOP OF THE 6TH
Colorado Commanders batting - Pitching for Surrey Sinners : RHP Juan Rojas
Batting: RHB Roberto Rodríguez 0-0: Called Strike
0-1: Ball
1-1: Called Strike
1-2: Foul Ball, location: 2F
1-2: Ball
2-2: Ball
3-2: Foul Ball, location: 2F
3-2: Base on Balls
Batting: SHB Pancho Vásquez 0-0: Ball
1-0: Ball
2-0: Ball
3-0: Base on Balls
Roberto Rodríguez to second
Batting: RHB Ray Ervin 0-0: Ball
1-0: Ball
2-0: Foul Ball, location: 2F
2-1: Called Strike
2-2: Strikes out looking
Pitching: LHP Orlando Morales
Batting: LHB Michael Barrett 0-0: Fielders Choice at 2nd, 5-4 (Groundball, 5)
Roberto Rodríguez to third
Batting: LHB Arturo Rodledo 0-0: Fly out, F6 (Popup, 6)
Top of the 6th over - 0 run(s), 0 hit(s), 0 error(s), 2 left on base; Colorado 0 - Surrey 3
BOTTOM OF THE 6TH
Surrey Sinners batting - Pitching for Colorado Commanders : RHP Bill Davis
Batting: RHB Dennis House 0-0: Called Strike
0-1: Ball
1-1: Foul Ball, location: 2F
1-2: Strikes out swinging
Batting: LHB Jorge Martínez 0-0: Called Strike
0-1: Ball
1-1: SINGLE (Line Drive, 8RS)
Batting: RHB Robert Koremans 0-0: Ball
1-0: Ball
2-0: Grounds into double play, 5-4-3 (Groundball, 5)
Bottom of the 6th over - 0 run(s), 1 hit(s), 0 error(s), 0 left on base; Colorado 0 - Surrey 3
TOP OF THE 7TH
Colorado Commanders batting - Pitching for Surrey Sinners : LHP Orlando Morales
Batting: SHB Theodore Cook 0-0: Foul Ball, location: 2F
0-1: Ball
1-1: Foul Ball, location: 2F
1-2: Foul Ball, location: 2F
1-2: Ball
2-2: Ball
3-2: Base on Balls
Batting: RHB Frank Martínez 0-0: Called Strike
0-1: Foul Ball, location: 2F
0-2: Ground out 6-3 (Groundball, 6S)
Theodore Cook to second
Batting: RHB Félix Campos 0-0: Ball
1-0: Ball
2-0: Foul Ball, location: 2F
2-1: Called Strike
2-2: Strikes out swinging
Batting: RHB Clarence Robertson 0-0: Swinging Strike
0-1: Swinging Strike
0-2: Ball
1-2: Ball
2-2: Ball
3-2: Foul Ball, location: 2F
3-2: Strikes out swinging
Top of the 7th over - 0 run(s), 0 hit(s), 0 error(s), 1 left on base; Colorado 0 - Surrey 3
BOTTOM OF THE 7TH
Surrey Sinners batting - Pitching for Colorado Commanders : RHP Bill Davis
Batting: LHB Juan Hinojosa 0-0: Foul Ball, location: 2F
0-1: Foul Ball, location: 2F
0-2: Ball
1-2: SINGLE (Groundball, 6D)
Batting: LHB Iván Espinosa 0-0: Ball
1-0: SINGLE (Groundball, 4MD)
Juan Hinojosa to second
Batting: RHB Ramón Molina 0-0: Called Strike
0-1: Fly out, F3 (Line Drive, 34)
Lined into DP, U3 (Line Drive, 34)
Batting: RHB Clint Younger 0-0: Swinging Strike
0-1: Ball
1-1: Fly out, F7 (Flyball, 7LS)
Bottom of the 7th over - 0 run(s), 2 hit(s), 0 error(s), 1 left on base; Colorado 0 - Surrey 3
TOP OF THE 8TH
Colorado Commanders batting - Pitching for Surrey Sinners : LHP Orlando Morales
Batting: RHB Roberto Rodríguez 0-0: Called Strike
0-1: Ball
1-1: SINGLE (Groundball, 56D)
Pitching: RHP Ernest Ware
Batting: SHB Pancho Vásquez 0-0: Ball
1-0: SINGLE (Groundball, 4) (infield hit)
Roberto Rodríguez to second
Batting: RHB Ray Ervin 0-0: Called Strike
0-1: Swinging Strike
0-2: Ball
1-2: Strikes out swinging
Pitching: RHP Robinson Flores
Batting: LHB Michael Barrett 0-0: Ball
1-0: Ball
2-0: Ball
3-0: Base on Balls
Roberto Rodríguez to third
Pancho Vásquez to second
Batting: LHB Arturo Rodledo 0-0: Called Strike
0-1: Ball
1-1: Called Strike
1-2: Ball
2-2: Ball
3-2: Foul Ball, location: 2F
3-2: Strikes out looking
Pinch Hitting: RHB Ricardo Remedios 0-0: Ball
1-0: Swinging Strike
1-1: Foul Ball, location: 2F
1-2: Fly out, F7 (Flyball, 7S)
Top of the 8th over - 0 run(s), 2 hit(s), 0 error(s), 3 left on base; Colorado 0 - Surrey 3
BOTTOM OF THE 8TH
Surrey Sinners batting - Pitching for Colorado Commanders : RHP Bill Davis
Now in RF: Ricardo Remedios
Batting: LHB José Blanco 0-0: Ball
1-0: Called Strike
1-1: Ball
2-1: DOUBLE (Flyball, 7LM)
Batting: RHB Ricardo Deleón 0-0: Intentional Walk
Batting: RHB Dennis House 0-0: Foul Ball, location: 2F
0-1: Ball
1-1: Foul Ball, location: 2F
1-2: Strikes out swinging
Batting: LHB Jorge Martínez 0-0: Ball
1-0: Ball
2-0: Ball
3-0: Called Strike
3-1: Base on Balls
José Blanco to third
Ricardo Deleón to second
Batting: RHB Robert Koremans 0-0: Fly out, F8 (Flyball, 8RXD)
Runner from 3rd tags up, SCORES, no throw
Ricardo Deleón to third
Batting: LHB Juan Hinojosa 0-0: Ball
1-0: Ball
2-0: Ball
3-0: Base on Balls
Jorge Martínez to second
Pitching: RHP Fred Scott
Batting: LHB Iván Espinosa 0-0: Ground out 3-1 (Groundball, 34S)
Bottom of the 8th over - 1 run(s), 1 hit(s), 0 error(s), 3 left on base; Colorado 0 - Surrey 4
TOP OF THE 9TH
Colorado Commanders batting - Pitching for Surrey Sinners : RHP Robinson Flores
Batting: RHB Frank Martínez 0-0: Ground out 5-3 (Groundball, 5)
Batting: RHB Félix Campos 0-0: Called Strike
0-1: Called Strike
0-2: Ball
1-2: Ball
2-2: Strikes out swinging
Batting: RHB Clarence Robertson 0-0: Swinging Strike
0-1: Ball
1-1: Foul Ball, location: 2F
1-2: Ball
2-2: Ball
3-2: Foul Ball, location: 2F
3-2: Fly out, F8 (Flyball, 8RM)
Top of the 9th over - 0 run(s), 0 hit(s), 0 error(s), 0 left on base; Colorado 0 - Surrey 4
Thursday, March 30th, 2017 - OOTP Baseball 17.12 Build 75